 Dungeon Crawl Stone Soup version 0.14-a0-504-gf2529f3 (webtiles) character file.

8933 LostMyPassword the Geomancer (level 11, 39/56 HPs)
             Began as a Gargoyle Earth Elementalist on Oct 31, 2013.
             Was an Elder of Vehumet.
             Quit the game on Level 9 of the Dungeon.
             The game lasted 01:44:37 (15993 turns).

LostMyPassword the Geomancer (GrEE)                Turns: 15993, Time: 01:44:37

HP  39/56        AC 11     Str 11      XL: 11   Next: 27%
MP   9/23        EV 15     Int 20      God: Vehumet [****..]
Gold 736         SH  0     Dex 10      Spells:  8 memorised,  1 level left

Res.Fire  : . . .   See Invis. : .     - Unarmed
Res.Cold  : . . .   Warding    : .   v - +0 orc robe {MR+}
Life Prot.: + + .   Conserve   : .   (no shield)
Res.Poison: +       Res.Corr.  : .   k - +2 wizard hat (curse)
Res.Elec. : .       Clarity    : .   (no cloak)
Sust.Abil.: . .     Spirit.Shd : .   (no gloves)
Res.Mut.  : .       Stasis     : .   (no boots)
Res.Rott. : +       Flight     : .   (no amulet)
Saprovore : . . .                    C - cursed +3 ring of evasion
                                     N - ring of positive energy

@: burdened, slow, quite resistant to hostile enchantments, unstealthy
A: fangs 1, talons 2, carnivore 1, -10% mp, life protection 1, slow metabolism
1, unbreathing, petrification resistance, AC +7
a: Renounce Religion


You were on level 9 of the Dungeon.
You worshipped Vehumet.
Vehumet was greatly pleased with you.
You were encumbered.
You were not hungry.

You visited 2 branches of the dungeon, and saw 11 of its levels.
You also visited: Ossuary and Bailey.

You collected 736 gold pieces.

Inventory:

Armour
 k - a cursed +2 wizard hat (worn)
 v - a +0 orcish robe of magic resistance (worn)
Magical devices
 g - a wand of teleportation (4)
 j - a wand of frost (10)
 n - a wand of confusion (0)
 H - a wand of teleportation (5)
 J - a wand of digging (3)
 K - a wand of flame (10)
Comestibles
 a - 11 bread rations
 b - 2 chunks of orc flesh
 m - a pear
 q - 8 slices of pizza
 E - 7 meat rations
Scrolls
 d - a scroll of blinking
 f - 2 scrolls of magic mapping
 h - 2 scrolls of amnesia
 l - 4 scrolls of recharging
 u - 2 scrolls of enchant weapon II
 x - a scroll of enchant weapon III
 y - 11 scrolls of remove curse
 B - 3 scrolls of teleportation
 F - a scroll of fear
Jewellery
 c - an uncursed ring of fire
 C - a cursed +3 ring of evasion (right hand)
 D - an uncursed ring of ice
 I - an uncursed ring of sustain abilities
 N - a ring of positive energy (left hand)
Potions
 e - 7 potions of curing
 i - 3 potions of brilliance
 p - 3 potions of restore abilities
 s - 2 potions of magic
 t - a potion of might
 w - 4 potions of heal wounds
 z - a potion of berserk rage
 G - 2 potions of agility
Rods
 r - a +3 rod of inaccuracy (10/10)
   (You took it off an orc in a bailey)


   Skills:
 - Level 2.1 Fighting
 - Level 1.5 Dodging
 - Level 5.0 Stealth
 - Level 10.0 Unarmed Combat
 * Level 7.9 Spellcasting
 - Level 0.7 Transmutations
 - Level 11.0 Earth Magic
 + Level 6.3 Evocations


You had one spell level left.
You knew the following spells:

 Your Spells              Type           Power        Failure   Level  Hunger
a - Sandblast             Erth           ######       1%          1    None
b - Stoneskin             Trmt/Erth      ####......   1%          2    None
c - Lee's Rapid Deconstr  Erth           ######....   1%          5    ####...
d - Petrify               Trmt/Erth      ####....     10%         4    ###....
e - Searing Ray           Conj           #.....       4%          2    None
f - Stone Arrow           Conj/Erth      ####..       1%          3    #......
g - Passwall              Trmt/Erth      ####......   2%          3    #......
h - Iskenderun's Mystic   Conj           #.......     45%         4    ###....


Dungeon Overview and Level Annotations

Branches:
Dungeon (10/27)            Temple (1/1) D:4             Orc (0/4) D:7
   Lair: D:8-13

Altars:
Ashenzari
Cheibriados
Elyvilon
Fedhas
Kikubaaqudgha
Makhleb
Nemelex Xobeh
Okawaru
Sif Muna
Trog
Vehumet
Xom
Yredelemnul
Zin
the Shining One


Innate Abilities, Weirdness & Mutations

You are resistant to torment.
You are immune to poison.
Your stone body is very resilient (AC +7).
You have very sharp teeth.
You have razor-sharp toenails.
You resist negative energy.
You have a slow metabolism.
You can survive without breathing.
You are immune to petrification.
Your digestive system is specialised to digest meat.
Your magical capacity is low (-10% MP).


Message History

As you read the scroll of identify, it crumbles to dust.
N - an uncursed ring of positive energy Put on which piece of jewellery? (? for menu, Esc to quit)
You remove your +1 ring of protection.
N - a ring of positive energy (left hand) Drop what? (_ for help) (? for menu, Esc to quit)
You drop a +1 ring of protection.
Drop what? (_ for help) (? for menu, Esc to quit)
Okay, then.
Drink which item? (? for menu, Esc to quit)
You feel extremely strange.
You feel a little hungry.
You hunger for flesh.
You feel less energetic.
It was a potion of mutation.
You aren't carrying or standing over any spellbooks.
Drink which item? (? for menu, Esc to quit)
Okay, then.
Read which item? (? for menu, Esc to quit)
Okay, then.
Autopickup is now off.
Are you sure you want to abandon this character and quit the game? (Confirm with "yes".)

######........)....)....#.#
#
#.......######.######.#.#.#
# #.###...#### #.# #.#.#.#
# ..# #...<..###.####
#.#.#.# #
#.###....#........# #.#.#.#
# #..........###..#.#
#.#.#.# ....##..#.####..#.#
#.#.#.#
###.##..#>)[.#..#.###.#.#.#
#.##..#.....))@.......#.#
##.##..#...(#)##.#######.#
##...#.........##.## #.#
...................######.#
##...######.###...........#
##.## #.# ##...######## #.#
#.# ##.## ###### ###.# #.#
#.# #..... ../.# #.# #.#
###.####


There were no monsters in sight!

Vanquished Creatures
  A hill giant (D:10)
  An orc knight (Bailey)
  3 guardian mummies (Ossuary)
  A hungry ghost (D:8)
  Eustachio (D:5)
  Edmund (D:5)
  22 orc warriors
  2 ice beasts (D:10)
  A black bear (D:7)
  A phantom (D:4)
  5 ogres
  5 centaurs
  Sigmund (D:5)
  A water moccasin (D:8)
  6 giant frogs
  2 sky beasts
  A gnoll sergeant (D:10)
  A wyvern skeleton (D:8)
  5 killer bees (D:7)
  4 wights (D:9)
  A hound (D:9)
  7 crimson imps
  A goliath beetle (D:9)
  9 orc wizards
  A gnoll shaman (D:5)
  4 iguanas
  2 jellies
  A two-headed ogre skeleton (D:8)
  4 scorpions
  5 orc priests
  11 worker ants
  3 mummies
  8 adders
  8 gnolls
  A giant mite (D:10)
  6 worms
  2 adder zombies (Ossuary)
  4 giant eyeballs
  9 giant geckos
  4 oozes
  48 orcs
  3 ball pythons
  A bat zombie (D:8)
  19 hobgoblins
  10 jackals
  16 kobolds
  3 ball python skeletons (Ossuary)
  21 bats
  7 giant cockroaches
  A giant gecko zombie (D:8)
  5 giant newts
  A giant spore (D:8)
  12 goblins
  2 hobgoblin skeletons
  4 hobgoblin zombies
  3 orc zombies
  4 quokkas
  14 rats
  A ballistomycete (D:8)
331 creatures vanquished.

Notes
Turn   | Place    | Note
--------------------------------------------------------------
     0 | D:1      | LostMyPassword, the Gargoyle Earth Elementalist, began the quest for the Orb.
     0 | D:1      | Reached XP level 1. HP: 10/10 MP: 3/3
   385 | D:1      | Reached skill level 1 in Unarmed Combat
   547 | D:1      | Reached XP level 2. HP: 15/15 MP: 2/4
   826 | D:1      | Reached skill level 4 in Earth Magic
  1265 | D:1      | Reached XP level 3. HP: 19/19 MP: 0/5
  2215 | D:3      | Reached XP level 4. HP: 20/24 MP: 1/7
  2374 | D:3      | Found a basalt altar of Yredelemnul.
  2747 | D:3      | Found a shattered altar of Ashenzari.
  2912 | D:4      | Reached XP level 5. HP: 15/28 MP: 1/8
  3121 | D:4      | Noticed an ogre
  3142 | D:4      | Killed an ogre
  3142 | D:4      | Reached skill level 5 in Earth Magic
  3234 | D:4      | Reached skill level 5 in Unarmed Combat
  3234 | D:4      | Reached XP level 6. HP: 24/32 MP: 1/9
  3325 | D:4      | Noticed an ogre
  3331 | D:4      | Killed an ogre
  3404 | D:4      | Noticed a phantom
  3433 | D:4      | Killed a phantom
  3433 | D:4      | Reached skill level 6 in Unarmed Combat
  3717 | D:4      | Reached XP level 7. HP: 27/36 MP: 3/10
  4169 | D:4      | Found a staircase to the Ecumenical Temple.
  4473 | D:5      | Entered Level 5 of the Dungeon
  4563 | D:5      | Found a glowing golden altar of the Shining One.
  4630 | D:5      | Found a sand-covered staircase.
  4630 | D:5      | Noticed Eustachio
  4637 | D:5      | Killed Eustachio
  4637 | D:5      | Reached skill level 7 in Unarmed Combat
  4662 | Ossuary  | Entered an ossuary
  4957 | Ossuary  | Noticed a guardian mummy
  4957 | Ossuary  | Noticed a flying skull
  4964 | Ossuary  | Noticed a flying skull
  4966 | Ossuary  | Noticed a flying skull
  4968 | Ossuary  | Noticed a flying skull
  4999 | Ossuary  | Noticed a guardian mummy
  5046 | Ossuary  | Noticed a flying skull
  5074 | Ossuary  | Killed a guardian mummy
  5074 | Ossuary  | Reached skill level 8 in Unarmed Combat
  5074 | Ossuary  | Reached XP level 8. HP: 10/41 MP: 7/12
  5386 | Ossuary  | Noticed a guardian mummy
  5496 | Ossuary  | Killed a guardian mummy
  5617 | Ossuary  | Noticed a guardian mummy
  5658 | Ossuary  | Killed a guardian mummy
  5658 | Ossuary  | Reached skill level 9 in Unarmed Combat
  5770 | D:5      | Noticed Sigmund
  5901 | D:4      | Learned a level 2 spell: Stoneskin
  5925 | D:4      | Gained mutation: You need consume almost no food. [potion of beneficial mutation]
  5945 | D:5      | Killed Sigmund
  6064 | Temple   | Entered the Ecumenical Temple
  6156 | Temple   | Became a worshipper of Vehumet
  6191 | D:5      | Paralysed by a giant eyeball for 4 turns
  6243 | D:5      | Noticed Edmund
  6261 | D:5      | Killed Edmund
  6261 | D:5      | Reached XP level 9. HP: 23/45 MP: 4/13
  6440 | D:5      | Reached skill level 10 in Unarmed Combat
  6831 | D:5      | Learned a level 5 spell: Lee's Rapid Deconstruction
  7230 | D:5      | Acquired Vehumet's first power
  7230 | D:5      | Offered knowledge of Freeze by Vehumet.
  7781 | D:6      | Paralysed by a giant eyeball for 2 turns
  7965 | D:5      | Upgraded the game from 0.14-a0-484-gae2d0ec to 0.14-a0-504-gf2529f3
  8248 | D:6      | Reached skill level 10 in Earth Magic
  9330 | D:7      | Offered knowledge of Throw Flame by Vehumet.
  9690 | D:7      | Reached skill level 5 in Stealth
  9690 | D:7      | Reached skill level 11 in Earth Magic
 10021 | D:7      | Reached skill level 1 in Evocations
 10182 | D:7      | Reached skill level 1 in Fighting
 10199 | D:7      | Found a staircase to the Orcish Mines.
 10505 | D:8      | Reached XP level 10. HP: 28/52 MP: 8/15
 10657 | D:8      | Offered knowledge of Searing Ray by Vehumet.
 10730 | D:8      | Found a flagged portal.
 10783 | Bailey   | Entered a bailey
 11649 | Bailey   | Identified a +3 rod of inaccuracy (10/10) (You took it off an orc in a bailey)
 11724 | Bailey   | Acquired Vehumet's second power
 11776 | Bailey   | Noticed an orc knight
 12124 | Bailey   | Killed an orc knight
 12400 | Bailey   | Reached skill level 5 in Spellcasting
 12693 | D:8      | Learned a level 4 spell: Petrify
 12696 | D:8      | Learned a level 2 spell: Searing Ray
 12700 | D:8      | Learned a level 3 spell: Stone Arrow
 12972 | D:8      | Paralysed by a giant eyeball for 4 turns
 13158 | D:8      | Reached skill level 5 in Evocations
 13265 | D:8      | Offered knowledge of Throw Icicle by Vehumet.
 13412 | D:8      | Learned a level 3 spell: Passwall
 13973 | D:9      | Acquired Vehumet's third power
 13984 | D:9      | Reached XP level 11. HP: 47/56 MP: 18/25
 14590 | D:10     | Entered Level 10 of the Dungeon
 14606 | D:10     | Got a pitted lapis lazuli ring
 14645 | D:10     | Offered knowledge of Iskenderun's Mystic Blast by Vehumet.
 14665 | D:10     | Learned a level 4 spell: Iskenderun's Mystic Blast
 14948 | D:10     | Identified the ring of Amelioration {Wiz -Tele} (You found it on level 10 of the Dungeon)
 15641 | D:10     | Noticed a hill giant
 15646 | D:10     | Killed a hill giant
 15992 | D:9      | Lost mutation: You need consume almost no food. [potion of mutation]
 15992 | D:9      | Gained mutation: Your digestive system is specialised to digest meat. [potion of mutation]
 15992 | D:9      | Gained mutation: Your magical capacity is low (-10% MP). [potion of mutation]
 15993 | D:9      | Quit the game

Action                   |  1- 3 |  4- 6 |  7- 9 | 10-12 || total
-------------------------+-------+-------+-------+-------++-------
Melee: Unarmed           |    31 |    26 |   117 |    55 ||   229
 Cast: Sandblast         |    77 |    99 |   335 |   185 ||   696
       Lee's Rapid Decon |       |       |     6 |    25 ||    31
       Stoneskin         |       |       |     2 |       ||     2
       Stone Arrow       |       |       |       |    18 ||    18
Evoke: Wand              |       |     4 |    31 |     9 ||    44
       Rod               |       |       |       |    15 ||    15
  Use: Scroll            |       |       |    23 |     8 ||    31
       Potion            |       |       |     2 |     2 ||     4
